 Dungeon Crawl Stone Soup version 0.26-a0-597-gb535b0901c (webtiles) character file.

Game seed: 10958334948418104548

16 hickop the Skirmisher (level 2, -3/25 HPs)
             Began as a Hill Orc Wanderer on Sept 11, 2020.
             Slain by a goblin
             ... wielding a +0 dagger
              (5 damage)
             ... on level 1 of the Dungeon.
             The game lasted 00:03:06 (697 turns).

hickop the Skirmisher (Hill Orc Wanderer)            Turns: 697, Time: 00:03:07

Health: -3/25      AC:  2    Str: 13    XL:     2   Next: 54%
Magic:  2/2        EV: 11    Int: 13    God:
Gold:   32         SH:  0    Dex: 10    Spells: 0/1 levels left

rFire    . . .     SeeInvis .   a - +0 club
rCold    . . .     Faith    .   (no shield)
rNeg     . . .     Spirit   .   d - +0 robe
rPois    .         Reflect  .   (no helmet)
rElec    .         Harm     .   (no cloak)
rCorr    .                      (no gloves)
MR       .....                  (no boots)
Stlth    ++........             (no amulet)
HPRegen  0.08/turn              (no ring)
MPRegen  0.08/turn              (no ring)

@: no status effects
A: no striking features
a: no special abilities


You were on level 1 of the Dungeon.
You visited 1 branch of the dungeon, and saw 1 of its levels.

You collected 32 gold pieces.

Inventory:

Hand Weapons
 a - a +0 club (weapon)
 b - a +0 hunting sling
 f - a +0 dagger
Armour
 d - a +0 robe (worn)
Wands
 e - a wand of flame (15)
Scrolls
 c - a scroll of teleportation
 h - a scroll of fog {unknown}
Potions
 g - a potion of flight {unknown}


   Skills:
 + Level 2.9 Fighting
 + Level 1.1 Maces & Flails
 - Level 1.5 Stealth
   Level 1.1 Shields
 - Level 1.1 Unarmed Combat
   Level 2.0 Hexes
 - Level 1.0 Translocations
 + Level 1.5 Evocations


You couldn't memorise any spells.
You knew the following spells:

 Your Spells              Type           Power        Failure   Level
a - Apportation           Tloc           #.....       21%         1

Your spell library contained the following spells:

 Spells                   Type           Power        Failure   Level
 Gell's Gravitas          Tloc           #.........   52%         3


Dungeon Overview and Level Annotations

Branches:
Dungeon (1/15)

Altars:


Message History

You closely miss the hobgoblin.
The hobgoblin is severely wounded.
The hobgoblin closely misses you.
You barely miss the hobgoblin.
The hobgoblin is severely wounded.
The hobgoblin barely misses you.
You barely miss the hobgoblin.
The hobgoblin is severely wounded.
The hobgoblin closely misses you.
You hit the hobgoblin but do no damage.
The hobgoblin is severely wounded.
The hobgoblin hits you with a +0 club.
* * * LOW HITPOINT WARNING * * *
You hit the hobgoblin.
You kill the hobgoblin!
You completely miss the goblin. The goblin hits you but does no damage.
You barely miss the goblin. The goblin hits you with a +0 dagger.
* * * LOW HITPOINT WARNING * * *
You closely miss the goblin. The goblin hits you with a +0 dagger.
You die...

#### ...## ### .....
..+ ...#### #.#
...##.######.#
...##......#.#
#.###......#.#####+#
................@g.##
#.###......#(#####..#
#..........#.# #..##
############.# ##..#
# ..# #..# # ### ##g#
#....?..# #.......#
#g......#


You could see a goblin.

Vanquished Creatures
  A bat (D:1)
  3 goblins (D:1)
  2 hobgoblins (D:1)
  2 jackals (D:1)
  A kobold (D:1)
  2 frilled lizards (D:1)
  3 rats (D:1)
14 creatures vanquished.

Notes
Turn   | Place    | Note
-------+----------+-------------------------------------------
     0 | D:1      | hickop the Hill Orc Wanderer began the quest for the Orb.
     0 | D:1      | hickop set off with the following items: a +0 club, a
                  | scroll of teleportation, a +0 robe, a wand of flame (15), a
                  | +0 dagger; and the following spell memorised: Apportation;
                  | and the following spells available to memorise: Gell's
                  | Gravitas
     0 | D:1      | Reached XP level 1. HP: 18/18 MP: 1/1
   112 | D:1      | Reached XP level 2. HP: 1/25 MP: 2/2
   664 | D:1      | Reached skill level 1 in Maces & Flails
   696 | D:1      | HP: 1/25 [goblin/+0 dagger (1)]
   697 | D:1      | Slain by a goblin

Illustrated notes

Levels and vault maps discovered:
D:1:      lemuel_arrival_tunnels, layout_basic

Skill      XL: |  1  2 |
---------------+-------+-----
Maces & Flails | 1 |  1.1
Fighting       | |  2.9
Stealth        | |  1.5
Shields        | |  1.1
Unarmed Combat | |  1.1
Hexes          | |  2.0
Translocations | |  1.0
Evocations     | |  1.5

Action                   || total
-------------------------++-------
Melee: Club              ||    97
 Stab: Sleeping          ||     1
Armor: Robe              ||    26
Dodge: Dodged            ||    69

Table legend: (Time is in decaauts)
 A = Elapsed time spent in this place.
 B = Non-inter-level travel time spent in this place.
 C = Inter-level travel time spent in this place.
 D = Time resting spent in this place.
 E = Time spent auto-exploring this place.
 F = Levels seen in this place.
 G = Mean time per level.
                   A        B        C        D        E       F      G
               +--------+--------+--------+--------+--------+-----+--------+
         Total |    723 |    723 |      0 |    287 |    252 |   1 |  723.0 |
       Dungeon |    723 |    723 |      0 |    287 |    252 |   1 |  723.0 |
               +--------+--------+--------+--------+--------+-----+--------+

Top non-repeatable levels by time:
     D:1: 723 daAuts
